 Dungeon Crawl Stone Soup version 0.31-a0-662-g684573625c (webtiles) character file.

Game seed: 10753445541733283808

58 jlumianski the Trooper (level 3, -9/29 HPs)
             Began as a Demonspawn Fighter on Aug 31, 2023.
             Mangled by an ogre
             ... wielding a +0 giant club
              (23 damage)
             ... on level 3 of the Dungeon.
             The game lasted 00:04:40 (2003 turns).

jlumianski the Trooper (Demonspawn Fighter)         Turns: 2003, Time: 00:04:40

Health: -9/29      AC:  7    Str: 24    XL:     3   Next: 75%
Magic:  3/3        EV:  9    Int:  9    God:
Gold:   118        SH:  4    Dex: 12    Spells: 2/2 levels left

rFire   . . .        a - +0 war axe
rCold   . . .        c - +0 buckler
rNeg    + . .        b - +0 scale mail
rPois   .            (no helmet)
rElec   .            (no cloak)
rCorr   .            (no gloves)
SInv    .            (no boots)
Will    .....        (no amulet) Stlth
                     e - +6 ring of strength
HPRegen 0.24/turn    m - ring of positive energy
MPRegen 0.08/turn

%: no passive effects
@: no status effects
A: sharp scales 1
a: no special abilities


You were on level 3 of the Dungeon.
You visited 1 branch of the dungeon, and saw 3 of its levels.

You collected 118 gold pieces.

Inventory:

Hand Weapons
 a - a +0 war axe (weapon)
Missiles
 h - 4 atropa-tipped darts
 p - 5 poisoned darts (quivered)
Armour
 b - a +0 scale mail (worn)
 c - a +0 buckler (worn)
Jewellery
 e - a +6 ring of strength (left hand)
 m - a ring of positive energy (right hand)
Scrolls
 i - a scroll of brand weapon {unknown}
 l - a scroll of silence {unknown}
 o - 2 scrolls of identify {unknown}
 q - a scroll of immolation {unknown}
Potions
 d - a potion of might
 f - a potion of lignification {unknown}
 g - 2 potions of brilliance
 k - a potion of degeneration {unknown}
 n - a potion of invisibility {unknown}


   Skills:
 + Level 3.2 Fighting
 + Level 2.7 Axes
 + Level 3.1 Armour
 + Level 0.6 Dodging
 + Level 3.0 Shields


You had 2 spell levels left.
You didn't know any spells.
Your spell library contained the following spells:

 Spells                   Type           Power      Damage    Failure   Level
 Ensorcelled Hibernation  Hex/Ice        0%         N/A       87%         2
 Passwall                 Tmut/Erth      0%         N/A       87%         2
 Swiftness                Air            0%         N/A       98%         3
 Summon Forest            Summ/Tloc      0%         N/A       100%        5
 Eringya's Noxious Bog    Tmut/Pois      0%         4d6       100%        6
 Summon Hydra             Summ           0%         N/A       100%        7


Dungeon Overview and Level Annotations

Branches:
Dungeon (3/15)

Altars:


Innate Abilities, Weirdness & Mutations

You are partially covered in razor-sharp scales. (AC +1, Slay +1)


Message History

Okay, then.
Unknown command.
Unknown command.
Things that are here:
a bat corpse; a ball python corpse
There is an open door here.
There is an open door here.
As you open the door, it creaks loudly!
You open the door.
There is an open door here.
There is an open door here.
You feel a little less clever now.
Done exploring.
What level of the Dungeon? (default 2, ? - help)
There is a stone staircase leading down here.
You climb downwards.
There is a stone staircase leading up here.
You open the door.
A kobold comes into view. It is wielding a +0 dagger.
The kobold shouts!
Found a potion of brilliance.
You hit the kobold.
You kill the kobold!
You see here a +0 dagger.
Found a robe.
There is an open door here.
g - 2 potions of brilliance (gained 1)
There is a stone staircase leading down here.
Found a robe.
The ogre shouts!
The ogre hits you with a +0 giant club!!
Ouch! That really hurt!
* * * LOW HITPOINT WARNING * * *
Okay, then.
Unknown command.
You feel better. The ogre attacks as it pursues you!
The ogre hits you with a +0 giant club!!
Ouch! That really hurt!
You die...

#.# #.# #.# #.# #.#
##### #.###...# ######
#..)'...+ ....
#####...######.######.
#......@O.>.......
#.[..#####.#####..
#....# ##.....#
#....##......#$#
......##.##(....#
#......## #......#
#......# #..#...#
#......# #.:<...#
#......# #####.?#


You could see an ogre.

Vanquished Creatures
  An adder (D:3)
  2 worms (D:2)
  A dart slug (D:2)
  An orc (D:3)
  5 ball pythons
  5 endoplasms
  2 goblins
  3 hobgoblins (D:1)
  5 quokkas
  4 bats
  3 frilled lizards
  3 kobolds
  3 rats (D:1)
38 creatures vanquished.

Notes
Turn   | Place    | Note
-------+----------+-------------------------------------------
     0 | D:1      | jlumianski the Demonspawn Fighter began the quest for the
                  | Orb.
     0 | D:1      | Reached XP level 1. HP: 18/18 MP: 1/1
   286 | D:1      | Gained mutation: You are partially covered in razor-sharp
                  | scales. (AC +1, Slay +1) [demonic ancestry]
   286 | D:1      | Reached XP level 2. HP: 22/24 MP: 2/2
   947 | D:3      | Noticed an ogre
   950 | D:3      | Reached XP level 3. HP: 29/29 MP: 3/3
  2003 | D:3      | Mangled by an ogre

Illustrated notes

Levels and vault maps discovered:
D:1:      matt_arrival_refuge, layout_basic, bh_walls_and_bars
D:2:      minmay_wonky_spiral, layout_basic
D:3:      layout_basic, nemelex_spade_bored_becter, nicolae_ru_path_of_blood,
          gammafunk_ghost_grave

Skill      XL: |  1  2 |
---------------+-------+-----
Shields        | 3 |  3.0
Axes           | 2 |  2.7
Armour         | 3 |  3.1
Fighting       | |  3.2
Dodging        | |  0.6

Action                     || total
---------------------------++-------
  Melee: War axe           ||   119
    Use: Potion            ||     3
 Armour: Scale mail        ||    84
  Dodge: Dodged            ||    63
  Block: Buckler           ||    17

Table legend: (Time is in decaauts)
 A = Elapsed time spent in this place.
 B = Non-inter-level travel time spent in this place.
 C = Inter-level travel time spent in this place.
 D = Time resting spent in this place.
 E = Time spent auto-exploring this place.
 F = Levels seen in this place.
 G = Mean time per level.
                   A        B        C        D        E       F      G
               +--------+--------+--------+--------+--------+-----+--------+
         Total |   2055 |   2005 |     50 |     24 |   1297 |   3 |  685.0 |
       Dungeon |   2055 |   2005 |     50 |     24 |   1297 |   3 |  685.0 |
               +--------+--------+--------+--------+--------+-----+--------+

Top non-repeatable levels by time:
     D:2: 1012 daAuts
     D:1: 921 daAuts
     D:3: 121 daAuts
